 Dungeon Crawl Stone Soup version 0.28.0 (webtiles) character file.

Game seed: 12416678168318314412

457 spaghetti the Sneak (level 6, -3/55 HPs)
             Began as a Deep Dwarf Delver on Feb 19, 2022.
             Was a Believer of Makhleb.
             Slain by a troll (10 damage)
             ... on level 7 of the Dungeon.
             The game lasted 00:13:18 (4914 turns).

spaghetti the Sneak (Deep Dwarf Delver)             Turns: 4914, Time: 00:13:18

Health: -3/55      AC:  3    Str: 17    XL:     6   Next: 77%
Magic:  2/2        EV: 13    Int: 11    God:    Makhleb [**....]
Gold:   61         SH:  0    Dex: 14    Spells: 5/5 levels left

rFire   + . .      SeeInvis .   m - +2 whip (vamp)
rCold   + . .      Faith    .   (no shield)
rNeg    . . .      Spirit   .   b - +0 leather armour
rPois   .          Reflect  .   (no helmet)
rElec   .          Harm     .   n - scarf {rC+ rF+}
rCorr   .          Rampage  .   (no gloves)
Will    .....                   (no boots)
Stlth   +++.......              (no amulet)
HPRegen 0.00/turn               (no ring)
MPRegen 0.08/turn               (no ring)

@: no status effects
A: damage resistance, heal wounds, sense surroundings 1, no regeneration
a: Heal Wounds, Renounce Religion, Minor Destruction


You were on level 7 of the Dungeon.
You worshipped Makhleb.
Makhleb was pleased with you.
You visited 1 branch of the dungeon, and saw 8 of its levels.

You collected 241 gold pieces.
You spent 180 gold pieces at shops.

Inventory:

Hand Weapons
 a - a +0 falchion of venom
 h - a +0 demon whip
 m - a +2 vampiric whip (weapon)
Armour
 b - a +0 leather armour (worn)
 n - a scarf of resistance (worn)
Jewellery
 i - an amulet of guardian spirit
 j - a ring of poison resistance
 k - a ring of see invisible
Wands
 g - a wand of digging (3)
Scrolls
 c - a scroll of fog
 d - a scroll of magic mapping
 f - 2 scrolls of identify
Potions
 l - a potion of brilliance


   Skills:
 - Level 2.6 Fighting
 - Level 2.0 Long Blades
 + Level 6.0 Maces & Flails
 - Level 4.3 Dodging
 - Level 6.0 Stealth


You had 5 spell levels left.
You didn't know any spells.
Your spell library contained the following spells:

 Spells                   Type           Power      Damage    Failure   Level
 Magic Dart               Conj           0%         1d3       41%         1
 Call Imp                 Summ           0%         N/A       54%         2
 Ensorcelled Hibernation  Hex/Ice        0%         N/A       54%         2
 Mephitic Cloud           Conj/Pois/Air  0%         N/A       78%         3
 Spider Form              Tmut/Pois      0%         N/A       78%         3
 Tukima's Dance           Hex            0%         N/A       78%         3
 Anguish                  Hex/Necr       0%         N/A       99%         4
 Passage of Golubria      Tloc           0%         N/A       99%         4
 Summon Lightning Spire   Summ/Air       0%         N/A       99%         4
 Yara's Violent Unravell  Hex/Tmut       0%         3d3       100%        5
 Storm Form               Tmut/Air       0%         N/A       100%        7
 Maxwell's Capacitive Co  Air            0%         ∞         100%        8


Dungeon Overview and Level Annotations

Branches:
Dungeon (8/15)             Temple (0/1) D:7
   Lair: D:8-11

Altars:
Elyvilon
Fedhas
Makhleb
Trog
The Shining One

Shops:
D:6 (

Annotations:
D:3 Sigmund
D:4 Blork the orc
D:5 exclusion: iguana


Innate Abilities, Weirdness & Mutations

You are resistant to damage.
You can heal yourself by infusing magical energy.
You passively map a small area around you.
You do not regenerate.


Message History

You barely miss the troll.
The troll is heavily wounded.
The troll bites you. The troll claws you!
* * * LOW HITPOINT WARNING * * *
The troll closely misses you.
Okay, then.
Okay, then.
Okay, then.
Your magical essence is drained by the effort!
You feel much better. The troll bites you! The troll claws you!
The troll claws you.
* * * LOW HITPOINT WARNING * * *
You closely miss the troll.
The troll is heavily wounded.
The troll barely misses you. x2; The troll claws you!
* * * LOW HITPOINT WARNING * * *
You feel much better. The troll bites you!
* * * LOW HITPOINT WARNING * * *
The troll closely misses you. The troll barely misses you.
You hit the troll.
The troll is heavily wounded.
The troll misses you. The troll barely misses you. The troll claws you!
* * * LOW HITPOINT WARNING * * *
You feel much better. The troll completely misses you. The troll claws you!
The troll barely misses you.
You hit the troll.
The troll is heavily wounded.
You hit the troll.
You feel better.
The troll is severely wounded.
The troll bites you! The troll closely misses you.
The troll claws you but does no damage.
You closely miss the troll.
The troll is severely wounded.
The troll bites you. The troll claws you!
* * * LOW HITPOINT WARNING * * *
The troll claws you.
* * * LOW HITPOINT WARNING * * *
You fail to use your ability.
The troll closely misses you. The troll claws you!
You die...

, , , * * , .:.!*
... , .. ....
.... , .###. ...
#.... ..... #..
... , #...##.#...
*
###....#.#.#,...
* * , *
.....#..T..#....
,
........@.......
##.#.##.........,
*
#..#.##.##.#####
##...........#
....#.#..###.#
##.*#....# .#
###.##....# * #
........>.# *
.##......#


You could see a troll.

Vanquished Creatures
  A bullfrog (D:6)
  2 scorpions (D:5)
  A howler monkey (D:5)
  A bullfrog zombie (D:6)
  A centaur skeleton (D:5)
  2 iguanas (D:5)
  3 adders
  A white imp (D:7)
  An ufetubus (D:3)
  3 worms
  4 dart slugs
  2 orcs
  2 ball pythons (D:4)
  9 endoplasms
  4 giant cockroaches
  6 goblins
  8 hobgoblins
  6 kobolds
  6 quokkas
  3 bats
  8 frilled lizards
  9 rats
83 creatures vanquished.

Vanquished Creatures (others)
  A wizard (D:5)
  A quokka (D:6)
  6 plants (D:5)
8 creatures vanquished.

Grand Total: 91 creatures vanquished

Notes
Turn   | Place    | Note
-------+----------+-------------------------------------------
     0 | D:5      | spaghetti the Deep Dwarf Delver began the quest for the
                  | Orb.
     0 | D:5      | Reached XP level 1. HP: 20/20 MP: 1/1
    13 | D:5      | Noticed an iguana
    27 | D:6      | Noticed a howler monkey
    70 | D:5      | Found a glowing drain.
   288 | D:4      | Reached XP level 2. HP: 20/27 MP: 2/2
   447 | D:4      | Found a sand-covered staircase.
   599 | D:3      | Found a burning altar of Makhleb.
   606 | D:3      | Became a worshipper of Makhleb the Destroyer
   737 | D:1      | Reached XP level 3. HP: 13/33 MP: 3/3
   744 | D:1      | Found a faded altar of an unknown god.
  1246 | D:1      | Reached * piety under Makhleb
  1283 | D:1      | Reached skill level 1 in Maces & Flails
  1534 | D:2      | Reached XP level 4. HP: 38/40 MP: 4/4
  2169 | D:3      | Noticed Sigmund
  2597 | D:4      | Noticed Blork the orc
  3566 | D:5      | Noticed a necrophage
  3793 | D:6      | Noticed a scorpion
  3795 | D:6      | Noticed a scorpion
  3808 | D:5      | Reached XP level 5. HP: 17/46 MP: 5/5
  3929 | D:5      | Found a bloodstained altar of Trog.
  3935 | D:5      | Noticed a wizard
  3941 | D:5      | Killed a wizard
  4095 | D:5      | Reached ** piety under Makhleb
  4096 | D:5      | Reached XP level 6. HP: 23/55 MP: 6/6
  4189 | D:5      | Reached skill level 5 in Maces & Flails
  4295 | D:5      | Found a blossoming altar of Fedhas.
  4448 | D:7      | Noticed an orc warrior
  4448 | D:7      | Found a glowing golden altar of the Shining One.
  4793 | D:6      | Found a white marble altar of Elyvilon.
  4802 | D:6      | Found Xuttous's Weapon Shop.
  4810 | D:6      | Bought a +0 demon whip for 180 gold pieces
  4838 | D:7      | Noticed a troll
  4907 | D:7      | HP: 2/55 [troll (12)]
  4914 | D:7      | Slain by a troll

Illustrated notes

Levels and vault maps discovered:
D:1:      dpeg_arrival_tiny_i, layout_rooms, chequers_ecumenical_altar_simple,
          serial_rivers, chequers_serial_rivers_large_b,
          chequers_serial_rivers_micro_c, chequers_serial_rivers_small_3,
          chequers_serial_rivers_marsh, chequers_jeans,
          minmay_misc_feat_diagonals, grunt_decor_one_mirror
D:2:      layout_rooms, feat_on_display
D:3:      layout_loops_corners, mainiacjoe_overflow_surrounded_room,
          bloody_makhleb, uniq_sigmund
D:4:      layout_gridville, nicolae_ossuary_entry_monument, saegor_snake_ambush,
          uniq_blork_the_orc
D:5:      layout_basic, fedhas_altar_fruit_tree, trog_wizard,
          portal_sewer_entry_a, minmay_misc_feat_columns, minmay_lizard_king
D:6:      layout_rooms, elyvilon_altar_4, serial_shops,
          nicolae_shop_bloodbath_and_beyond, nicolae_elevator_lobby_plus
D:7:      layout_rooms, minmay_temple_entry_hall, enter_bailey_3,
          hangedman_feature_mirror, minmay_misc_feat_nine_boxes,
          minmay_misc_feat_five
D:8:      layout_basic, mainiacjoe_overflow_tiny_flanked, tso_altar,
          lair_entry_dummy, minmay_misc_feat_square

Skill      XL: |  1  2  3  4  5  6 |
---------------+-------------------+-----
Dodging        | 3 4 |  4.3
Maces & Flails | 1 3 4 6 |  6.0
Fighting       | |  2.6
Long Blades    | |  2.0
Stealth        | |  6.0

Action                   |  1- 3 |  4- 6 || total
-------------------------+-------+-------++-------
Melee: Falchion          |    94 |       ||    94
       Whip              |    63 |   248 ||   311
       Punch             |       |     2 ||     2
 Abil: Heal Wounds       |     1 |    14 ||    15
Evoke: Wand              |     3 |    15 ||    18
  Use: Scroll            |     2 |     9 ||    11
       Potion            |       |     4 ||     4
 Stab: Sleeping          |     7 |     5 ||    12
       Distracted        |       |     1 ||     1
Armor: Leather armour    |    49 |    49 ||    98
Dodge: Dodged            |   117 |   235 ||   352
